 Dungeon Crawl Stone Soup version 0.30-a0-847-g17996783a1 (webtiles) character file.

Game seed: 880620057675637374

463 Darius099 the Cleaver (level 6, 0/51 HPs)
             Began as a Minotaur Fighter on Mar 3, 2023.
             Was an Initiate of Okawaru.
             Slain by an orc
             ... wielding a +0 falchion
              (5 damage)
             ... on level 5 of the Dungeon.
             The game lasted 00:09:39 (2849 turns).

Darius099 the Cleaver (Minotaur Fighter)            Turns: 2849, Time: 00:09:40

Health: 0/51       AC:  9    Str: 23    XL:     6   Next: 79%
Magic:  5/5        EV:  7    Int:  5    God:    Okawaru [......]
Gold:   242        SH:  4    Dex:  9    Spells: 5/5 levels left

rFire   + . .      SeeInvis .    a - +0 war axe
rCold   + . .      Faith    +    c - +0 buckler
rNeg    . . .      Spirit   .    e - +0 chain mail
rPois   .          Reflect  .    A - +0 hat
rElec   .          Rampage  .    l - scarf {rC+ rF+}
rCorr   .                        (no gloves)
Will    .....                    (no boots) Stlth
                                 s - amulet of faith
HPRegen 0.28/turn                (no ring)
MPRegen 0.09/turn                (no ring)

@: no status effects
A: horns 2, retaliatory headbutt
a: Renounce Religion


You were on level 5 of the Dungeon.
You worshipped Okawaru.
Okawaru was noncommittal.
You visited 2 branches of the dungeon, and saw 6 of its levels.

You collected 242 gold pieces.

Inventory:

Hand Weapons
 a - a +0 war axe (weapon)
Missiles
 f - 8 javelins (quivered)
 g - 34 stones
Armour
 c - a +0 buckler (worn)
 e - a +0 chain mail (worn)
 l - a scarf of resistance (worn)
 A - a +0 hat (worn)
Jewellery
 s - an amulet of faith (around neck)
 z - an amulet of the acrobat
Scrolls
 k - a scroll of vulnerability {unknown}
 n - a scroll of poison {unknown}
 o - 3 scrolls of teleportation {unknown}
 p - 2 scrolls of enchant weapon {unknown}
 r - a scroll of identify {unknown}
 v - a scroll of amnesia {unknown}
 y - a scroll of magic mapping {unknown}
Potions
 b - a potion of cancellation {unknown}
 d - 2 potions of might
 h - a potion of invisibility {unknown}
 i - 2 potions of degeneration {unknown}
 j - a potion of lignification {unknown}
 m - 2 potions of mutation {unknown}
 q - a potion of haste {unknown}
 t - 2 potions of brilliance {unknown}
 u - 2 potions of curing {unknown}
 w - a potion of flight {unknown}
 x - a potion of magic {unknown}
 B - 2 potions of resistance {unknown}


   Skills:
 - Level 3.6 Fighting
 + Level 8.9 Axes
 - Level 3.6 Armour
 - Level 3.6 Shields


You had 5 spell levels left.
You didn't know any spells.
Your spell library contained the following spells:

 Spells                   Type           Power      Damage    Failure   Level
 Beastly Appendage        Tmut           0%         N/A       99%         1
 Wereblood                Tmut           0%         N/A       100%        2
 Ozocubu's Armour         Ice            0%         N/A       100%        3
 Spider Form              Tmut/Pois      0%         N/A       100%        3
 Metabolic Englaciation   Hex/Ice        0%         N/A       100%        5
 Simulacrum               Ice/Necr       Unusable   N/A       N/A         6

Dungeon Overview and Level Annotations

Branches:
Dungeon (5/15)             Temple (1/1) D:5

Altars:
Ashenzari
Cheibriados
Dithmenos
Elyvilon
Fedhas
Gozag
Hepliaklqana
Kikubaaqudgha
Makhleb
Nemelex Xobeh
Okawaru
Qazlal
Ru
Sif Muna
Trog
Uskayaw
Vehumet
Wu Jian
Xom
Yredelemnul
Zin
The Shining One


Innate Abilities, Weirdness & Mutations

You have a pair of horns on your head.
You reflexively headbutt those who attack you in melee.


Message History

Okawaru accepts your kill.
The orc wizard hits you but does no damage.
You barely miss the jackal. You slash the orc wizard!
You block the jackal's attack.
The orc wizard points at you and mumbles some strange words.
You are confused.
The jackal bites you.
You barely miss the jackal.
You hit the orc wizard but do no damage.
The jackal bites you but does no damage.
The orc wizard hits you with a +0 dagger of holy wrath.
The jackal barely misses you.
You're too confused to move!
The orc priest mumbles some strange prayers to Beogh against you.
Beogh smites you!
The orc wizard hits you but does no damage.
The jackal bites you but does no damage.
You hit the jackal.
You kill the jackal!
Okawaru accepts your kill.
You closely miss the orc wizard.
The orc wizard hits you with a +0 dagger of holy wrath.
The jackal barely misses you. The jackal attacks as you move away!
The jackal bites you but does no damage.
The orc wizard mumbles some strange words.
The orc wizard flickers and vanishes!
Deactivating autopickup; reactivate with Ctrl-A.
You slash the jackal!
You kill the jackal!
Okawaru accepts your kill.
You completely miss something.
You feel less confused. Something hits you.
You closely miss something. You hit the orc.
The orc priest mumbles some strange prayers to Beogh against you.
Beogh smites you!
* * * LOW HITPOINT WARNING * * *
The orc hits you with a +0 falchion.
You die...

..# .... #.# .....
..# ..... #.#h.....
#.#oh.... #o.ho....
##### ##O##
#...###†.o###.#
#.......@.....#
#.#......#.####
#.####...#..#
#####'####.......>
#.........########.
#####...........# .
...##...........#
...##...........#
..........#.....#


You could see an ogre, an orc priest and an orc.

Vanquished Creatures
  A phantom (D:5)
  A scorpion (D:5)
  A howler monkey (D:4)
  3 hounds
  3 iguanas
  An orc wizard (D:5)
  3 adders
  An ufetubus (D:4)
  A worm (D:4)
  2 dart slugs
  An orc (D:4)
  4 endoplasms
  A giant cockroach (D:2)
  5 goblins
  4 hobgoblins
  6 jackals
  8 kobolds
  A quokka (D:3)
  7 ball pythons
  6 bats
  4 frilled lizards
  3 rats
67 creatures vanquished.

Notes
Turn   | Place    | Note
-------+----------+-------------------------------------------
     0 | D:1      | Darius099 the Minotaur Fighter began the quest for the Orb.
     0 | D:1      | Reached XP level 1. HP: 19/19 MP: 0/0
   175 | D:1      | Reached skill level 3 in Axes
   218 | D:1      | Reached XP level 2. HP: 18/26 MP: 1/1
   824 | D:2      | Reached skill level 4 in Axes
   856 | D:2      | Reached XP level 3. HP: 31/31 MP: 2/2
  1308 | D:3      | Reached skill level 5 in Axes
  1349 | D:3      | Identified the +8 rapier "Otoekkics" {antimagic, Int+5
                  | Dex-2}
  1512 | D:4      | Reached XP level 4. HP: 31/39 MP: 3/3
  1533 | D:4      | Reached skill level 6 in Axes
  1621 | D:4      | Reached XP level 5. HP: 45/45 MP: 4/4
  2074 | D:4      | Noticed a water elemental
  2077 | D:4      | Found a stormy altar of Qazlal.
  2080 | D:4      | Noticed a fire elemental
  2080 | D:4      | Noticed an air elemental
  2280 | D:4      | Reached skill level 7 in Axes
  2409 | D:5      | Entered Level 5 of the Dungeon
  2410 | D:5      | Found a staircase to the Ecumenical Temple.
  2410 | D:5      | Noticed a phantom
  2426 | D:5      | Killed a phantom
  2427 | D:5      | Reached XP level 6. HP: 33/51 MP: 5/5
  2431 | D:5      | Reached skill level 8 in Axes
  2502 | Temple   | Entered the Ecumenical Temple
  2613 | Temple   | Became a worshipper of Warmaster Okawaru
  2849 | D:5      | Slain by an orc

Illustrated notes

Levels and vault maps discovered:
D:1:      nzn_arrival_crosshair, layout_basic
D:2:      layout_rooms
D:3:      layout_rooms
D:4:      layout_cave_pods, nicolae_qazlal_style_of_elements,
          kennysheep_cross_room, serial_bayou_pond_e
D:5:      layout_basic, minmay_temple_entry_grid, serial_shops,
          nicolae_shop_bloodbath_and_beyond, minmay_manual_moon
Temple:   kilobyte_greek_temple

Skill      XL: |  1  2  3  4  5  6 |
---------------+-------------------+-----
Axes           | 3 4 5 6 7 8 |  8.9
Fighting       | |  3.6
Armour         | |  3.6
Shields        | |  3.6

Action                     |  1- 3 |  4- 6 || total
---------------------------+-------+-------++-------
  Melee: War axe           |    78 |    75 ||   153
         Headbutt          |    10 |    13 ||    23
 Armour: Chain mail        |    54 |    47 ||   101
  Dodge: Dodged            |    34 |    32 ||    66
  Block: Buckler           |    23 |    13 ||    36

Table legend: (Time is in decaauts)
 A = Elapsed time spent in this place.
 B = Non-inter-level travel time spent in this place.
 C = Inter-level travel time spent in this place.
 D = Time resting spent in this place.
 E = Time spent auto-exploring this place.
 F = Levels seen in this place.
 G = Mean time per level.
                   A        B        C        D        E       F      G
               +--------+--------+--------+--------+--------+-----+--------+
         Total |   2887 |   2779 |    108 |     99 |   1133 |   6 |  481.2 |
       Dungeon |   2736 |   2628 |    108 |     99 |   1032 |   5 |  547.2 |
        Temple |    151 |    151 |      0 |      0 |    101 |   1 |  151.0 |
               +--------+--------+--------+--------+--------+-----+--------+

Top non-repeatable levels by time:
     D:4: 915 daAuts
     D:1: 803 daAuts
     D:2: 391 daAuts
     D:3: 332 daAuts
     D:5: 293 daAuts
  Temple: 151 daAuts
